 Dungeon Crawl Stone Soup version 0.29-a0-321-gf1c400731a (webtiles) character file.

Game seed: 6645284948269384900

51 wakim the Gusty (level 3, 0/19 HPs)
             Began as a Tengu Air Elementalist on Apr 3, 2022.
             Slain by Terence
             ... wielding a +0 hand axe
              (4 damage)
             ... on level 2 of the Dungeon.
             The game lasted 00:05:39 (1620 turns).

wakim the Gusty (Tengu Air Elementalist)            Turns: 1620, Time: 00:05:39

Health: 0/19       AC:  6    Str:  8    XL:     3   Next: 83%
Magic:  5/7        EV: 12    Int: 17    God:
Gold:   126        SH:  0    Dex: 14    Spells: 3/6 levels left

rFire   . . .      SeeInvis .   a - +0 dagger (protect)
rCold   . . .      Faith    .   (no shield)
rNeg    . . .      Spirit   .   O - +0 robe
rPois   .          Reflect  .   (helmet restricted)
rElec   .          Harm     .   (no cloak)
rCorr   .          Rampage  .   (no gloves)
Will    .....                   (boots unavailable)
Stlth   ++........              (no amulet)
HPRegen 0.06/turn               Q - +4 ring of protection
MPRegen 0.10/turn               (no ring)

@: no status effects
A: beak, talons 3, mutation resistance 1, wild magic 1
a: no special abilities


You were on level 2 of the Dungeon.
You visited 1 branch of the dungeon, and saw 2 of its levels.

You collected 126 gold pieces.

Inventory:

Hand Weapons
 a - a +0 dagger of protection (weapon)
Missiles
 P - 13 poisoned darts
Armour
 O - a +0 robe (worn)
Jewellery
 Q - a +4 ring of protection (left hand)
Scrolls
 R - 2 scrolls of amnesia {unknown}
 S - a scroll of immolation {unknown}
 T - a scroll of identify {unknown}
 U - a scroll of enchant weapon {unknown}
 W - a scroll of blinking {unknown}
Potions
 L - a potion of heal wounds {unknown}
 M - a potion of mutation {!q}
 N - a potion of resistance
 V - a potion of cancellation {unknown}


   Skills:
 - Level 2.1 Dodging
 - Level 2.0 Stealth
 + Level 2.4 Spellcasting
 * Level 3.1 Conjurations
 * Level 5.0 Air Magic


You had 3 spell levels left.
You knew the following spells:

 Your Spells              Type           Power      Damage    Failure   Level
a - Shock                 Conj/Air       80%        1d8       6%          1
d - Static Discharge      Conj/Air       20%        N/A       9%          2

Your spell library contained the following spells:

 Spells                   Type           Power      Damage    Failure   Level
 Swiftness                Air            24%        N/A       11%         3
 Sandblast                Erth           4%         2d4       26%         1
 Passwall                 Tmut/Erth      1%         N/A       36%         2
 Stone Arrow              Conj/Erth      18%        3d8       38%         3
 Airstrike                Air            12%        N/A       32%         4


Dungeon Overview and Level Annotations

Branches:
Dungeon (2/15)

Altars:

Annotations:
D:2 Terence


Innate Abilities, Weirdness & Mutations

You have a beak for a mouth.
You have claws for feet.
You are somewhat resistant to further mutation.
Your spells are a little harder to cast, but a little more powerful.


Message History

Terence misses you. Terence attacks as you move away!
Terence hits you with a +0 hand axe. 12/19 (-3) Terence attacks as you move away!
Terence misses you.
Okay, then.
Casting: Shock (safe; 3% risk of failure)
Confirm with . or Enter, or press ? or * to list all spells.
Okay, then.
Casting: Shock (safe; 3% risk of failure)
Confirm with . or Enter, or press ? or * to list all spells.
You miscast Static Discharge.
You are very lightly contaminated with residual magic.
Nothing appears to happen.
Terence completely misses you.
Unknown command.
You see here a hobgoblin corpse.
Terence attacks as you move away! Terence hits you but does no damage.
Your magical contamination has completely faded away. 13/19 (+1) Terence attacks as you move away!
Terence hits you with a +0 hand axe.
* * * LOW HITPOINT WARNING * * *
8/19 (-5) Magic courses through your body.
Terence hits you with a +0 hand axe.
* * * LOW HITPOINT WARNING * * *
4/19 (-4) Unknown command.
Casting: Static Discharge (safe; 5% risk of failure)
Confirm with . or Enter, or press ? or * to list all spells.
The air crackles with electrical energy.
Terence misses you.
Unknown command.
Casting: Static Discharge (safe; 5% risk of failure)
Confirm with . or Enter, or press ? or * to list all spells.
You don't know that spell.
Unknown command.
Okay, then.
It was a potion of mutation.
You feel extremely strange.
You feel less in control of your magic.
You feel genetically stable.
M - a potion of mutation;
L - a coppery potion Terence hits you with a +0 hand axe.
You die...

### #.# #.# #†#
#.# #.# #.# #.#
#@# #@# #.#
##### #.#
##...######.#
##.....##....#
#.......#.####
#...†...#.#####
#.......#.....#
##.....##.###.#


You could see Terence (resistant).

Vanquished Creatures
  An adder (D:2)
  2 dart slugs
  3 ball pythons
  5 bats
  5 endoplasms
  2 goblins (D:2)
  4 hobgoblins
  6 kobolds
  2 quokkas
  A frilled lizard (D:2)
  3 rats
34 creatures vanquished.

Notes
Turn   | Place    | Note
-------+----------+-------------------------------------------
     0 | D:1      | wakim the Tengu Air Elementalist began the quest for the
                  | Orb.
     0 | D:1      | Reached XP level 1. HP: 10/10 MP: 4/4
   220 | D:1      | Reached XP level 2. HP: 15/15 MP: 4/6
   421 | D:1      | Found a faded altar of an unknown god.
   799 | D:2      | Reached XP level 3. HP: 19/19 MP: 5/7
  1022 | D:2      | Learned a level 2 spell: Static Discharge
  1532 | D:2      | Reached skill level 5 in Air Magic
  1582 | D:2      | Noticed Terence
  1620 | D:2      | Gained mutation: Your spells are a little harder to cast,
                  | but a little more powerful. [potion of mutation]
  1620 | D:2      | Gained mutation: You are somewhat resistant to further
                  | mutation. [potion of mutation]
  1620 | D:2      | Slain by Terence

Illustrated notes

Levels and vault maps discovered:
D:1:      shiori_arrival_maze, layout_basic, shapermc_ecumenical_altar_petra,
          serial_glass, glass_columns_b, glass_columns_a, glass_columns_c,
          glass_columns_a, minmay_tetromino_s4
D:2:      kennysheep_six_static_rooms, layout_loops_ring, uniq_terence

Skill      XL: |  1  2  3 |
---------------+----------+-----
Conjurations   | 2 3 |  3.1
Air Magic      | 5 |  5.0
Dodging        | |  2.1
Stealth        | |  2.0
Spellcasting   | |  2.4

Action                   || total
-------------------------++-------
Melee: Dagger            ||     2
 Cast: Shock             ||    59
       Static Discharge  ||     1
  Use: Potion            ||     2
 Stab: Sleeping          ||     1
Armor: Robe              ||     8
Dodge: Dodged            ||    18

Table legend: (Time is in decaauts)
 A = Elapsed time spent in this place.
 B = Non-inter-level travel time spent in this place.
 C = Inter-level travel time spent in this place.
 D = Time resting spent in this place.
 E = Time spent auto-exploring this place.
 F = Levels seen in this place.
 G = Mean time per level.
                   A        B        C        D        E       F      G
               +--------+--------+--------+--------+--------+-----+--------+
         Total |   1618 |   1604 |     14 |      0 |   1345 |   2 |  809.0 |
       Dungeon |   1618 |   1604 |     14 |      0 |   1345 |   2 |  809.0 |
               +--------+--------+--------+--------+--------+-----+--------+

Top non-repeatable levels by time:
     D:2: 869 daAuts
     D:1: 749 daAuts
